 Dungeon Crawl Stone Soup version 0.31-a0-263-ge8cad7f256 (webtiles) character file.

Game seed: 14163771374647039569

163 Gelion the Changeling (level 5, -1/40 HPs)
             Began as a Demonspawn Shapeshifter on July 14, 2023.
             Slain by a cerulean imp
             ... wielding a +0 spear
             ... summoned by Natasha
              (2 damage)
             ... on level 3 of the Dungeon.
             The game lasted 00:07:18 (2712 turns).

Gelion the Changeling (Demonspawn Shapeshifter)     Turns: 2712, Time: 00:07:18

Health: -1/40      AC:  3    Str: 18    XL:     5   Next: 20%
Magic:  5/5        EV: 12    Int:  9    God:
Gold:   136        SH:  0    Dex: 13    Spells: 4/4 levels left

rFire   . .          .
                       - Unarmed
rCold   . . .        (no shield)
rNeg    . . .        a - +0 animal skin
rPois   .            (helmet currently unavailable)
rElec   .            (cloak currently unavailable)
rCorr   .            (gloves currently unavailable)
SInv    .            (boots currently unavailable)
Will    .....        (no amulet)
Stlth   +            (no ring)
HPRegen 0.26/turn    (no ring)
MPRegen 0.09/turn

%: no passive effects
@: beast-form, slowed, very slow
A: beast (slay +2), rugged brown scales 1, ignite blood 1
a: Begin Untransformation


You were on level 3 of the Dungeon.
You were a hulking beast.
You visited 1 branch of the dungeon, and saw 3 of its levels.

You collected 136 gold pieces.

Inventory:

Hand Weapons
 m - the +6 long sword of the Final Decision {vamp, rC++ Str+4}
   (You found it on level 3 of the Dungeon)

   Str:       It affects your strength (+4).
   rC:        It greatly protects you from cold.
Missiles
 p - a throwing net
Armour
 a - a +0 animal skin (worn)
 f - a +0 helmet
 i - a +0 pair of gloves
Talismans
 c - a beast talisman
 d - a maw talisman
Wands
 k - a wand of mindburst (31)
Scrolls
 e - a scroll of identify {unknown}
 g - a scroll of poison
 j - a scroll of enchant armour {unknown}
 n - a scroll of fear {unknown}
 o - a scroll of amnesia {unknown}
Potions
 b - a potion of lignification
 h - 2 potions of curing
 l - 2 potions of brilliance {unknown}
 q - a potion of heal wounds {unknown}


   Skills:
 + Level 2.7 Fighting
 + Level 2.5 Dodging
 * Level 3.1 Unarmed Combat
 * Level 3.6 Shapeshifting


You had 4 spell levels left.
You didn't know any spells.
Your spell library contained the following spells:

 Spells                   Type           Power      Damage    Failure   Level
 Passage of Golubria      Tloc           0%         N/A       99%         4
 Silence                  Hex/Air        0%         N/A       100%        5
 Lehudib's Crystal Spear  Conj/Erth      0%         10d2      100%        8


Dungeon Overview and Level Annotations

Branches:
Dungeon (3/15)

Altars:

Annotations:
D:2 Terence
D:3 Natasha


Innate Abilities, Weirdness & Mutations

You are a hulking beast.
Your limbs bulge with bestial killing power. (Slay +2)
You are partially covered in rugged brown scales. (AC +1, +3% HP)
Your demonic aura sometimes causes spilled blood to erupt in flames.


Message History

Natasha closely misses you. The cerulean imp closely misses you.
You hit the cerulean imp.
The cerulean imp is lightly wounded.
Natasha barely misses you.
The cerulean imp hits you but does no damage.
You barely miss the cerulean imp.
The cerulean imp is lightly wounded.
Natasha stares at you and mumbles some strange words.
You feel yourself slow down. The cerulean imp barely misses you.
You hit the cerulean imp but do no damage.
The cerulean imp is lightly wounded.
Natasha casts a spell at you. The magic dart hits you.
The cerulean imp hits you with a +0 spear.
Natasha misses you.
You hit Natasha. Your punch misses Natasha.
Natasha is lightly wounded.
The cerulean imp hits you but does no damage.
Natasha casts a spell.
The cerulean imp hits you with a +0 spear.
You barely miss Natasha.
Natasha is lightly wounded.
Natasha claws you. The cerulean imp misses you. Natasha closely misses you.
You barely miss Natasha.
Natasha is lightly wounded.
The cerulean imp hits you from afar with a +2 spear.
The cerulean imp closely misses you. Natasha casts a spell at you.
The magic dart hits you.
The cerulean imp hits you from afar with a +2 spear.
You hit Natasha.
Natasha is moderately wounded.
The cerulean imp closely misses you. Natasha casts a spell at you.
The magic dart hits you!
* * * LOW HITPOINT WARNING * * *
The cerulean imp hits you from afar with a +2 spear.
* * * LOW HITPOINT WARNING * * *
The cerulean imp hits you with a +0 spear.
You die...

#............#
#........###.#######
#....#.#.#...##....#
#....#.#.....##....#
#....###...........#
#### #####
#...........#
...#######
#....5......#
.........#
#..5h.....###
.........#
#...h....[#
##.......#
#####'##########
#.......# #.#
#.....# #.......#
#.# ####.#.#
#.......# #.#
#....#.# ##.......#
##.###.####.#
.#.......#
#...........###
....######
#.........<...#
..#.#
#...........#.#


You could see Natasha and 2 cerulean imps.

Vanquished Creatures
  Natasha (D:3)
  Robin (D:2)
  3 gnolls (D:3)
  3 worms (D:2)
  4 dart slugs
  3 orcs (D:3)
  8 endoplasms
  A giant cockroach (D:3)
  16 goblins
  6 hobgoblins
  2 jackals (D:1)
  3 kobolds
  2 quokkas (D:1)
  7 ball pythons
  8 bats
  3 frilled lizards (D:1)
  4 rats
75 creatures vanquished.

Notes
Turn   | Place    | Note
-------+----------+-------------------------------------------
     0 | D:1      | Gelion the Demonspawn Shapeshifter began the quest for the
                  | Orb.
     0 | D:1      | Reached XP level 1. HP: 16/16 MP: 1/1
    94 | D:1      | Gained mutation: You are partially covered in rugged brown
                  | scales. (AC +1, +3% HP) [demonic ancestry]
    94 | D:1      | Reached XP level 2. HP: 10/22 MP: 2/2
   390 | D:1      | Reached XP level 3. HP: 24/27 MP: 3/3
   968 | D:2      | Noticed Terence
  1654 | D:3      | Noticed Robin
  1860 | D:2      | Killed Robin
  1861 | D:2      | Reached XP level 4. HP: 30/35 MP: 4/4
  1977 | D:3      | Identified the +6 long sword of the Final Decision {vamp,
                  | rC++ Str+4}
  2357 | D:3      | Noticed Natasha
  2364 | D:3      | Killed Natasha
  2503 | D:3      | Gained mutation: Your demonic aura sometimes causes spilled
                  | blood to erupt in flames. [demonic ancestry]
  2503 | D:3      | Reached XP level 5. HP: 19/40 MP: 5/5
  2699 | D:3      | Noticed Natasha
  2712 | D:3      | HP: 1/40 [cerulean imp/+2 spear[Natasha] (6)]
  2712 | D:3      | Slain by a cerulean imp

Illustrated notes

Levels and vault maps discovered:
D:1:      shiori_arrival_oz, layout_basic
D:2:      layout_basic, uniq_terence
D:3:      layout_basic, uniq_natasha, uniq_robin

Skill      XL: |  1  2  3  4 |
---------------+-------------+-----
Unarmed Combat | 2 3 |  3.1
Dodging        | 2 |  2.5
Shapeshifting  | 3 |  3.6
Fighting       | |  2.7

Action                     |  1- 3 |  4- 6 || total
---------------------------+-------+-------++-------
  Melee: Unarmed           |   155 |    92 ||   247
         Punch             |     2 |     1 ||     3
    Use: Scroll            |     4 |       ||     4
         Potion            |     1 |       ||     1
 Armour: Animal skin       |    36 |    22 ||    58
  Dodge: Dodged            |   107 |    84 ||   191
         Form:             |     1 |       ||     1
         Beast             |     1 |       ||     1

Table legend: (Time is in decaauts)
 A = Elapsed time spent in this place.
 B = Non-inter-level travel time spent in this place.
 C = Inter-level travel time spent in this place.
 D = Time resting spent in this place.
 E = Time spent auto-exploring this place.
 F = Levels seen in this place.
 G = Mean time per level.
                   A        B        C        D        E       F      G
               +--------+--------+--------+--------+--------+-----+--------+
         Total |   2703 |   2604 |     99 |      0 |   2046 |   3 |  901.0 |
       Dungeon |   2703 |   2604 |     99 |      0 |   2046 |   3 |  901.0 |
               +--------+--------+--------+--------+--------+-----+--------+

Top non-repeatable levels by time:
     D:2: 1046 daAuts
     D:1: 863 daAuts
     D:3: 793 daAuts
